Map: Catalyst LE

Players

Nice - Winner!

  • Race: Protoss Protoss
  • Spawn Location: 11:00

Harstem

  • Race: Protoss Protoss
  • Spawn Location: 5:00

Event: WCS Leipzig 2018

VOD

Have the link to the VOD?

Description

Time

  • Played on: Jan. 26, 2018, 2:05 p.m.
  • Length: 9:03

All games in this series

Show
View Real Time Build Order
Export as new Build Order

Nice Protoss - Winner!

Build Orders: Phoenix Opening 

Get SALT Encoding   

  12  0:00  Probe  
  13  0:13  Probe  
  14  0:17  Pylon  
  14  0:25  Probe (Chrono Boost)  
  15  0:37  Probe (Chrono Boost)  
  15  0:40  Gateway  
  16  0:43  Probe (Chrono Boost)  
  16  0:48  Assimilator  
  17  0:53  Assimilator  
  17  0:55  Probe (Chrono Boost)  
  18  1:07  Probe (Chrono Boost)  
  18  1:10  Gateway  
  19  1:14  Probe (Chrono Boost)  
  20  1:22  Probe  
  21  1:27  Cybernetics Core  
  21  1:34  Probe  
  21  1:39  Pylon  
  22  1:46  Probe  
  23  1:58  Probe  
  24  2:04  Stalker x2  
  24  2:05  Warp Gate  
  28  2:14  Shield Battery  
  28  2:17  Pylon  
  28  2:24  Pylon  
  28  2:36  Adept x2  
  32  2:42  Stargate  
  32  2:49  Shield Battery  
  31  3:20  Nexus  
  31  3:25  Phoenix (Chrono Boost)  
  33  3:33  Pylon  
  33  3:41  Phoenix (Chrono Boost)  
  33  3:46  Shield Battery  
  35  3:57  Phoenix (Chrono Boost)  
  33  4:06  Shield Battery  
  33  4:08  Probe (Chrono Boost)  
  34  4:18  Robotics Facility  
  34  4:20  Probe (Chrono Boost)  
  34  4:22  Phoenix  
  37  4:28  Probe (Chrono Boost)  
  37  4:30  Twilight Council  
  38  4:37  Probe (Chrono Boost)  
  39  4:40  Probe (Chrono Boost)  
  40  4:46  Adept x2  
  40  4:49  Probe (Chrono Boost)  
  40  4:50  Probe (Chrono Boost)  
  46  4:54  Probe (Chrono Boost)  
  46  4:58  Probe  
  48  5:09  Probe  
  48  5:10  Observer, Resonating Glaives, Probe  
  51  5:23  Probe (Chrono Boost)  
  51  5:25  Probe (Chrono Boost)  
  51  5:26  Pylon  
  52  5:31  Immortal  
  52  5:32  Probe (Chrono Boost)  
  52  5:35  Probe (Chrono Boost)  
  57  5:42  Probe (Chrono Boost)  
  56  5:45  Probe (Chrono Boost)  
  57  5:53  Probe x2 (Chrono Boost), Assimilator  
  59  6:02  Probe  
  57  6:04  Probe  
  57  6:08  Immortal (Chrono Boost)  
  57  6:09  Gateway  
  57  6:10  Gateway  
  59  6:14  Probe  
  60  6:21  Probe  
  60  6:24  Gateway  
  61  6:27  Gateway, Sentry x2  
  65  6:38  Pylon  
  65  6:40  Gateway, Pylon  
  65  6:41  Warp Prism (Chrono Boost)  
  67  6:50  Adept  
  67  6:52  Pylon  
  69  6:56  Pylon  
  69  7:05  Adept x2, Gateway  
  73  7:09  Adept  
  73  7:11  Adept  
  73  7:13  Pylon  
  77  7:26  Adept x4  
  85  7:36  Pylon  
  85  7:46  Adept x2  
  85  7:47  Adept x2  
  85  7:48  Sentry x2  
  97  7:56  Sentry  
  99  8:12  Adept x6  
  95  8:31  Adept  
  95  8:32  Adept x2  
  95  8:33  Adept x2  
  95  8:34  Adept x2  
  85  8:56  Adept x5  
  85  8:57  Adept x2  
Show
View Real Time Build Order
Export as new Build Order

Harstem Protoss 

Build Orders: Oracle Opening 

Get SALT Encoding   

  12  0:00  Probe  
  13  0:12  Probe  
  14  0:17  Pylon  
  14  0:25  Probe  
  15  0:36  Gateway  
  15  0:38  Probe (Chrono Boost)  
  16  0:47  Probe (Chrono Boost)  
  16  0:48  Assimilator  
  17  0:52  Probe (Chrono Boost)  
  17  0:56  Assimilator  
  18  1:04  Probe (Chrono Boost)  
  19  1:11  Gateway  
  19  1:16  Probe (Chrono Boost)  
  20  1:21  Probe (Chrono Boost)  
  21  1:27  Cybernetics Core  
  21  1:30  Probe  
  22  1:36  Pylon  
  22  1:43  Probe  
  23  2:02  Stalker  
  23  2:03  Stalker, Warp Gate  
  27  2:18  Pylon  
  27  2:24  Stargate  
  27  2:33  Adept x2  
  31  2:56  Nexus  
  30  3:05  Oracle (Chrono Boost)  
  33  3:15  Probe  
  34  3:27  Shield Battery  
  34  3:32  Oracle (Chrono Boost)  
  34  3:38  Probe  
  34  3:39  Shield Battery  
  38  3:50  Probe  
  36  4:02  Probe  
  35  4:13  Probe (Chrono Boost)  
  35  4:14  Probe (Chrono Boost)  
  35  4:15  Sentry  
  39  4:24  Probe (Chrono Boost)  
  39  4:25  Probe (Chrono Boost)  
  39  4:29  Probe (Chrono Boost)  
  39  4:30  Probe (Chrono Boost)  
  39  4:38  Adept  
  39  4:39  Adept, Probe  
  39  4:41  Probe  
  45  4:45  Twilight Council  
  45  4:51  Probe  
  46  4:53  Probe  
  47  5:03  Probe (Chrono Boost)  
  49  5:08  Probe (Chrono Boost)  
  49  5:15  Probe (Chrono Boost)  
  49  5:19  Stalker x2, Blink (Chrono Boost)  
  49  5:22  Probe x2 (Chrono Boost)  
  50  5:30  Probe x2  
  51  5:42  Stalker x2  
  53  5:45  Gateway  
  53  5:47  Probe, Gateway  
  53  5:48  Probe  
  53  5:59  Probe  
  50  6:10  Sentry  
  51  6:11  Stalker  
  51  6:15  Pylon  
  52  6:20  Probe  
  52  6:22  Probe  
  52  6:24  Pylon  
  54  6:28  Nexus  
  54  6:33  Probe  
  54  6:34  Probe  
  56  6:40  Pylon  
  56  6:43  Gateway  
  56  6:44  Sentry  
  56  6:45  Probe, Stalker  
  61  6:49  Pylon  
  61  6:52  Stalker  
  63  6:57  Probe  
  63  6:59  Probe  
  65  7:01  Assimilator  
  65  7:06  Assimilator  
  65  7:09  Probe, Gateway  
  65  7:13  Sentry  
  68  7:19  Stalker  
  68  7:20  Stalker  
  72  7:25  Stalker  
  74  7:38  Stalker  
  74  7:39  Gateway  
  74  7:41  Pylon  
  74  7:42  Stalker  
  78  7:55  Stalker x3  
  84  8:03  Stalker  
  84  8:12  Stalker  
  82  8:17  Probe  
  83  8:24  Zealot  
  83  8:25  Zealot x2  
  89  8:32  Stalker  
  89  8:33  Probe x2  
  77  8:36  Pylon  
  77  8:39  Stalker x2  
  68  8:43  Stalker  
  68  8:45  Probe  
  68  8:46  Stalker  
  68  8:48  Sentry  
  67  8:55  Sentry x2  
Tags
 
Add a new tag
Caveats
  • Supply blocks, unpowered buildings, or Contaminate may cause inaccurate times.
  • Supply counts are checked every 10 seconds.